 Dungeon Crawl Stone Soup version 0.30.1-11-g7821555f0a (webtiles) character file.

Game seed: 3876006457668953068

61736 gdoggcasey the Fighter (level 14, 0/133 HPs)
             Began as a Minotaur Berserker on Dec 21, 2023.
             Was a High Priest of Trog.
             Killed by divine providence
             ... invoked by an orc high priest
              (12 damage)
             ... on level 1 of the Orcish Mines on Dec 22, 2023.
             The game lasted 01:50:54 (25220 turns).

gdoggcasey the Fighter (Minotaur Berserker)        Turns: 25220, Time: 01:50:54

Health: 0/133      AC: 27    Str: 27    XL:     14   Next: 61%
Magic:  0/4        EV:  8    Int:  4    God:    Trog [*****.]
Gold:   2261       SH: 12    Dex: 10    Spells: 13/13 levels left

rFire   . . .        O - +4 war axe (antimagic)
rCold   + . .        v - +0 kite shield
rNeg    . . .        M - +7 plate armour {rPois}
rPois   +            (helmet restricted)
rElec   .            A - +0 cloak
rCorr   .            k - +1 pair of gloves
SInv    .            (no boots)
Will    +++..        e - amulet of guardian spirit Stlth
                     u - ring of protection from cold
HPRegen 1.42/turn    (no ring)
MPRegen 0.09/turn

%: guardian spirit
@: mighty, strong-willed, regenerating
A: horns 2, retaliatory headbutt
a: Renounce Religion, Berserk, Trog's Hand, Brothers in Arms


You were on level 1 of the Orcish Mines.
You worshipped Trog.
Trog was extremely pleased with you.
You visited 4 branches of the dungeon, and saw 19 of its levels.

You collected 2261 gold pieces.

Inventory:

Hand Weapons
 a - a +1 hand axe
 y - a +2 flail of protection
 O - a +4 antimagic war axe (weapon)
Missiles
 f - 9 boomerangs
 h - 91 stones (quivered)
 o - 3 javelins
 r - 4 throwing nets
 F - 48 poisoned darts
 G - 4 curare-tipped darts
Armour
 k - a +1 pair of gloves (worn)
 v - a +0 kite shield (worn)
 A - a +0 cloak (worn)
 M - a +7 plate armour of poison resistance (worn)
Jewellery
 e - an amulet of guardian spirit (around neck)
 m - an amulet of the acrobat
 u - a ring of protection from cold (left hand)
 B - a ring of fire
 C - a +5 ring of evasion
 E - a ring of resist corrosion
Wands
 b - a wand of light (1)
 i - a wand of paralysis (2)
 x - a wand of flame (11)
 D - a wand of mindburst (14)
 H - a wand of polymorph (3)
 Q - a wand of roots (6)
Scrolls
 n - 4 scrolls of fear
 t - 7 scrolls of teleportation
 z - 2 scrolls of identify
 N - 2 scrolls of fog
 P - 2 scrolls of enchant armour
 R - 2 scrolls of magic mapping
 S - a scroll of blinking
Potions
 c - 3 potions of brilliance
 d - 3 potions of attraction
 g - 6 potions of might
 j - 2 potions of curing
 p - a potion of mutation
 q - a potion of magic
 s - 9 potions of ambrosia
 w - a potion of cancellation
 I - a potion of invisibility
 J - a potion of resistance {unknown}
 K - 2 potions of lignification {unknown}
 L - a potion of flight {unknown}


   Skills:
 + Level 14.6 Fighting
 - Level 14.0 Axes
 + Level 11.9 Throwing
 + Level 14.4 Armour
 - Level 2.9 Dodging
 + Level 13.9 Shields


You had 13 spell levels left.
You didn't know any spells.
Your spell library was empty.

Dungeon Overview and Level Annotations

Branches:
Dungeon (12/15)            Temple (1/1) D:7            Lair (5/5) D:8
  Swamp (0/4) Lair:3        Snake (0/4) Lair:2        Slime (0/5) Lair:4
    Orc (1/2) D:10

Altars:
Ashenzari
Cheibriados
Dithmenos
Elyvilon
Fedhas
Gozag
Hepliaklqana
Kikubaaqudgha
Makhleb
Nemelex Xobeh
Okawaru
Qazlal
Ru
Sif Muna
Trog
Uskayaw
Vehumet
Wu Jian
Xom
Yredelemnul
Zin
The Shining One

Shops:
D:5 :   D:8 (   D:10 ?

Portals:
Trove: D:11 (give +2 shadow dragon scales)

Annotations:
D:5 1 runed translucent door, leoleoleoleo212121's ghost, novice HuHu
Lair:5 exclusion: oklob plant


Innate Abilities, Weirdness & Mutations

You have a pair of horns on your head.
You reflexively headbutt those who attack you in melee.


Message History

You block the orc warlord's attack.
You closely miss the orc warlord.
The orc warlord is heavily wounded.
A warg comes into view.
You hit the orc warlord but do no damage.
You headbutt the orc warlord!
The orc warlord is heavily wounded.
The orc warlord hits you with a +1 great sword of holy wrath!!
You completely miss the orc warlord.
The orc warlord is heavily wounded.
The orc warlord hits you but does no damage.
You feel much better. The orc warlord barely misses you.
You feel very mighty all of a sudden.
The orc warlord hits you with a +1 great sword of holy wrath!!!
You hear a shout!
You hit the orc warlord. You headbutt the orc warlord.
The orc warlord is heavily wounded.
The orc priest no longer looks unusually strong.
The orc warlord roars a battlecry!
The orc priest goes into a battle-frenzy!
You barely miss the orc warlord.
You headbutt the orc warlord, but do no damage.
The orc warlord is heavily wounded.
The orc warrior no longer looks unusually strong.
The orc knight no longer looks unusually strong.
The orc sorcerer no longer looks unusually strong.
The orc warlord roars a battlecry!
The orcs go into a battle-frenzy!
A deep elf pyromancer comes into view. It is wielding a +0 long sword.
You slice the orc warlord!!
The orc warlord is severely wounded.
The orc knight no longer looks unusually strong.
The orc warlord barely misses you.
You hit the orc warlord.
The orc warlord is severely wounded.
The orc warlord hits you with a +1 great sword of holy wrath!!
* * * LOW HITPOINT WARNING * * *
The orc high priest calls down the wrath of Beogh upon you.
Beogh smites you!
You die... ##......# #...ee..# ..hoo4.##...#....... oOooe4$ ........... 3ooOo #........# 8h8

##.......## # #o###
.........###
##@..####......#.##
#....##.......#....
##....#...........#.
#..........#......#.
##.........###.......
#....#....## ##......
##..####.....###......
#....####....##.......
##....# #..........#..


You could see an orc warlord (strong), 2 orc knights, an orc high priest
(strong), a two-headed ogre, a deep elf archer (repels missiles), an ice devil
(summoned), a rust devil (summoned), 2 deep elf pyromancers, a sixfirhy
(summoned), 2 wargs, an orc sorcerer (strong), 3 orc warriors, an ogre and an
orc priest (strong).

Vanquished Creatures
  Nessos (Lair:4)
  Snorg (Lair:3)
  Erolcha (D:9)
  4 hydras
  2 catoblepae
  3 two-headed ogres
  4 skysharks
  Pikel (D:4)
  A wolf spider (Lair:5)
  An orc sorcerer (D:11)
  2 cyclopes
  14 elephants
  A guardian serpent (Lair:5)
  10 black mambas
  A gargoyle (D:11)
  18 cane toads
  9 komodo dragons
  2 rime drakes
  4 kobold demonologists
  4 trolls
  A polar bear (Lair:5)
  A queen bee (Lair:1)
  4 hornets
  21 blink frogs
  2 shadows
  3 wraiths
  Eustachio (D:6)
  2 vampires
  43 yaks
  A basilisk (Lair:1)
  18 wyverns
  A steam dragon (D:6)
  3 redbacks (Lair:5)
  Edmund (D:6)
  Menkaure (D:6)
  3 nagas (Lair:2)
  4 wargs (D:11)
  An acid dragon (D:11)
  Duvessa (D:7)
  3 hell hounds (D:11)
  27 water moccasins
  13 orc warriors
  2 ice beasts
  A black bear (D:6)
  3 sky beasts
  An ogre (D:6)
  4 centaurs
  41 wolves
  2 lemures (D:4)
  Blork the orc (D:5)
  17 bullfrogs
  6 gnoll sergeants (D:11)
  7 kobold brigands
  8 wights
  Dowan (D:7)
  31 killer bees
  2 electric eels (D:10)
  9 howler monkeys
  4 hounds
  9 jellies
  4 gnoll boudas
  15 orc priests
  3 iguanas
  Jessica (D:3)
  Ijyb (D:5)
  3 sleepcaps
  17 orc wizards
  5 hell rats (Lair:2)
  9 adders
  17 gnolls
  3 shadow imps
  2 white imps (D:6)
  An ufetubus (D:5)
  5 worms
  3 dart slugs
  40 orcs
  4 endoplasms
  4 giant cockroaches
  6 goblins
  7 hobgoblins
  38 kobolds
  A quokka (D:1)
  5 ball pythons
  4 bats
  4 frilled lizards
  8 rats
  2 butterflies (Lair:5)
600 creatures vanquished.

Vanquished Creatures (others)
  A quokka (D:3)
1 creature vanquished.

Grand Total: 601 creatures vanquished

Notes
Turn   | Place    | Note
-------+----------+-------------------------------------------
     0 | D:1      | gdoggcasey the Minotaur Berserker began the quest for the
                  | Orb.
     0 | D:1      | Reached XP level 1. HP: 19/19 MP: 0/0
    82 | D:1      | Reached XP level 2. HP: 25/27 MP: 1/1
   627 | D:2      | Reached ** piety under Trog
   994 | D:2      | Reached XP level 3. HP: 33/33 MP: 2/2
  1341 | D:2      | Found the +2 Maxwell's thermic engine {flame, freeze, rev}
  1783 | D:3      | Reached XP level 4. HP: 6/40 MP: 3/3
  1785 | D:3      | Reached skill level 5 in Axes
  1893 | D:3      | Noticed Jessica
  1902 | D:3      | Killed Jessica
  2174 | D:3      | Reached XP level 5. HP: 35/46 MP: 4/4
  2257 | D:3      | Found a shimmering altar of Xom.
  2396 | D:3      | Found a white marble altar of Elyvilon.
  2553 | D:3      | Found a snail-covered altar of Cheibriados.
  2555 | D:3      | Found an opulent altar of Gozag.
  2556 | D:3      | Found a hazy altar of Hepliaklqana.
  2999 | D:4      | Reached XP level 6. HP: 52/52 MP: 2/5
  4167 | D:5      | Entered Level 5 of the Dungeon
  4288 | D:5      | Noticed Blork the orc
  4294 | D:4      | Reached XP level 7. HP: 24/59 MP: 1/6
  4539 | D:5      | Killed Blork the orc
  4628 | D:5      | Found Jyteruurph's Self-Improvement Boutique.
  4672 | D:5      | Found an iron altar of Okawaru.
  4698 | D:5      | Reached skill level 10 in Axes
  4974 | D:5      | Found a runed translucent door.
  4976 | D:5      | Noticed leoleoleoleo212121's ghost (novice HuHu)
  5043 | D:5      | Noticed Ijyb
  5057 | D:5      | Killed Ijyb
  5338 | D:5      | Noticed Pikel
  5374 | D:4      | Killed Pikel
  5375 | D:4      | Reached XP level 8. HP: 66/66 MP: 5/7
  5675 | D:6      | Noticed Edmund
  5690 | D:6      | Killed Edmund
  5699 | D:6      | Found a shadowy altar of Dithmenos.
  5982 | D:6      | Noticed Eustachio
  5983 | D:6      | Noticed Menkaure
  6009 | D:6      | Killed Menkaure
  6016 | D:6      | Killed Eustachio
  6017 | D:6      | Reached XP level 9. HP: 71/71 MP: 8/8
  6037 | D:6      | Found a stormy altar of Qazlal.
  6171 | D:6      | Reached skill level 1 in Shields
  6176 | D:6      | Reached skill level 1 in Throwing
  6450 | D:6      | Reached skill level 5 in Fighting
  6673 | D:6      | Reached skill level 5 in Armour
  7427 | D:7      | Found a staircase to the Ecumenical Temple.
  7673 | D:7      | Reached *** piety under Trog
  7777 | D:7      | Noticed Dowan
  7799 | D:7      | Killed Dowan
  7800 | D:7      | Reached XP level 10. HP: 84/84 MP: 9/9
  7807 | D:7      | Noticed Duvessa
  7828 | D:7      | Killed Duvessa
  7928 | D:7      | Found a broken altar of Ashenzari.
  8063 | D:7      | Reached skill level 5 in Shields
  8325 | Temple   | Entered the Ecumenical Temple
  8938 | D:8      | Found a sparkling altar of Nemelex Xobeh.
  8948 | D:8      | Found a staircase to the Lair.
  9035 | D:8      | Reached **** piety under Trog
  9079 | D:8      | Found an ornate altar of the Wu Jian Council.
  9092 | D:8      | Found a glowing golden altar of the Shining One.
  9144 | D:8      | Found Pegoq's Weapon Shoppe.
  9372 | D:8      | Reached skill level 5 in Throwing
  9580 | D:8      | Noticed a lindwurm
  9580 | D:8      | Noticed a lindwurm
  9581 | D:8      | Noticed a lindwurm
  9582 | D:8      | Noticed a lindwurm
 10168 | D:9      | Noticed Erolcha
 10409 | D:9      | Paralysed by Erolcha for 5 turns
 10543 | D:9      | Killed Erolcha
 11431 | D:9      | Identified the +7 short sword "Joaku" {elec, *Corrode rElec
                  | rPois Dex+4}
 11479 | D:9      | Reached XP level 11. HP: 55/95 MP: 8/10
 11960 | D:10     | Entered Level 10 of the Dungeon
 11960 | D:10     | Found a radiant altar of Vehumet.
 12197 | D:10     | Found a burning altar of Makhleb.
 12737 | D:10     | Found Poexu's Magic Scroll Boutique.
 13297 | D:10     | Found a staircase to the Orcish Mines.
 13408 | D:10     | Reached ***** piety under Trog
 14089 | D:11     | Found a portal to a secret trove of treasure.
 14273 | D:11     | Noticed a sixfirhy
 14738 | D:11     | Reached skill level 10 in Fighting
 14962 | D:11     | Noticed a two-headed ogre
 14970 | D:11     | Killed a two-headed ogre
 15091 | D:11     | Reached skill level 10 in Armour
 15224 | D:11     | Reached XP level 12. HP: 83/107 MP: 8/11
 15478 | D:11     | Noticed a two-headed ogre
 15502 | D:11     | Killed a two-headed ogre
 15732 | D:11     | Reached skill level 10 in Shields
 16331 | D:12     | Noticed a two-headed ogre
 16342 | D:12     | Killed a two-headed ogre
 16461 | D:12     | Noticed a great orb of eyes
 16667 | Lair:1   | Entered Level 1 of the Lair of Beasts
 17455 | Lair:1   | Received a gift from Trog
 18218 | Lair:2   | Reached XP level 13. HP: 84/118 MP: 2/12
 18706 | Lair:2   | Found a staircase to the Snake Pit.
 19609 | Lair:3   | Found a gate leading to a gauntlet.
 19616 | Lair:2   | Reached skill level 10 in Throwing
 19705 | Lair:3   | Found a staircase to the Swamp.
 19791 | Lair:3   | Received a gift from Trog
 20668 | Lair:3   | Noticed Snorg
 20680 | Lair:3   | Killed Snorg
 21032 | Lair:4   | Found a staircase to the Slime Pits.
 21468 | Lair:4   | Identified the +0 leather armour "Luq Upni" {Fly rF+ rCorr
                  | Int+3}
 21481 | Lair:4   | Noticed Nessos
 22174 | Lair:4   | Killed Nessos
 22175 | Lair:4   | Reached XP level 14. HP: 92/130 MP: 3/13
 22752 | Lair:5   | Entered Level 5 of the Lair of Beasts
 23352 | Lair:5   | Identified the +1 mace of Nizag {heavy, rC++ Will++ MP+9}
 24225 | Lair:5   | Received a gift from Trog
 24599 | Lair:5   | Identified a scroll of acquirement
 24599 | Lair:5   | Acquired 958 gold pieces
 25139 | Orc:1    | Entered Level 1 of the Orcish Mines
 25204 | Orc:1    | Noticed an orc warlord
 25220 | Orc:1    | Killed from afar by an orc high priest

Illustrated notes

Levels and vault maps discovered:
D:1:      nzn_arrival_water_spiral, layout_rooms
D:2:      layout_loops_cross, serial_co_window_serial, co_window_paths_a,
          co_window_cross_1, co_window_paths_a, co_window_corner_a,
          co_window_paths_a, co_window_cross_3, co_window_unsneaky_path_b,
          co_window_unsneaky_path_d, co_window_broadway_b, co_window_broadway_c,
          co_window_4corner_a, minmay_gold_behind_fungi
D:3:      layout_rooms, elyvilon_altar_4, minitemple, hangedman_decor_points,
          minmay_vboxes, uniq_jessica
D:4:      layout_layer_cave, kennysheep_opposing_triangles
D:5:      layout_rooms, okawaru_gym_becter, hellmonk_ghost_happy_afterlife,
          nicolae_shop_self_help, uniq_blork_the_orc, uniq_ijyb, uniq_pikel
D:6:      minmay_chambers_of_threes, layout_basic,
          nicolae_qazlal_scattered_showers,
          mainiacjoe_overflow_concentric_impassable, hex_medium, uniq_menkaure,
          uniq_eustachio, uniq_edmund
D:7:      layout_basic, mainiacjoe_overflow_six_doors_small,
          minmay_temple_entry_slanted, uniq_duvessa
D:8:      layout_layer_cave, nemelex_diamond_rough_becter,
          mainiacjoe_overflow_large_starburst, due_lair_maze_entry_diamond,
          serial_shops, shop, minmay_lindwurm_lava
D:9:      layout_long_grid, uniq_erolcha
D:10:     layout_small_grid, bloody_makhleb, fiery_altar_vehumet, erik_orc_2,
          serial_shops, nicolae_shop_stone, grunt_ministairs_9,
          corexii_leaking_fountain
D:11:     lemuel_castle_with_subvaults [lemuel_castle_interior_carwin_3],
          layout_irregular_city, nicolae_trove_entry_crossroad,
          minmay_door_square
D:12:     minmay_the_grid_plus [minmay_the_grid_box_x,
          minmay_the_grid_zigzag_pyramid, minmay_the_grid_broken_lines,
          minmay_the_grid_minigrid_medium,
          minmay_the_grid_prize_shrinking_boxes], layout_basic
Temple:   nicolae_temple_bog_church
Lair:1:   layout_long_grid, grunt_megastairs_2, infiniplex_staircase_pool
Lair:2:   layout_gridlike, nicolae_snake_entry_squirm, special_room
          [special_room_bee]
Lair:3:   layout_chaotic_city, swamp_mist_pool, gauntlet_entry_generic,
          grunt_megastairs_4, lemuel_fruit_fields, uniq_snorg
Lair:4:   layout_hall_layers, nicolae_slime_entry_field_trip, uniq_nessos
Lair:5:   hangedman_lair_tendril_chambers, layout_loops_ring,
          lemuel_fruit_fields
Orc:1:    layout_diamond_mine, elf_legates

Skill      XL: |  1  2  3  4  5  6  7  8  9 10 11 12 13 14 |
---------------+-------------------------------------------+-----
Fighting       | 4 6 8 10 12 13 14 | 14.6
Axes           | 4 5 7 8 12 13 14 | 14.0
Armour         | 3 5 8 10 11 13 14 | 14.4
Shields        | 4 7 9 11 12 13 | 13.9
Throwing       | 3 5 7 9 11 | 11.9
Dodging        | |  2.9

Action                     |  1- 3 |  4- 6 |  7- 9 | 10-12 | 13-15 || total
---------------------------+-------+-------+-------+-------+-------++-------
  Melee: Hand axe          |    74 |   127 |   333 |  1114 |       ||  1648
         Headbutt          |     8 |    15 |    68 |   261 |   164 ||   516
         War axe           |       |       |       |    93 |   561 ||   654
         Flail             |       |       |       |       |   162 ||   162
  Throw: Boomerang         |       |    17 |    19 |    24 |       ||    60
         Stone             |       |       |       |    10 |    48 ||    58
 Invoke: Berserk           |     1 |     2 |     6 |     5 |     5 ||    19
         Trog's Hand       |     1 |     2 |     6 |     6 |     5 ||    20
    Use: Scroll            |     4 |     5 |     3 |    14 |     4 ||    30
         Potion            |       |     1 |     3 |     2 |     6 ||    12
   Stab: Sleeping          |     1 |     1 |       |       |       ||     2
 Armour: Animal skin       |    22 |     7 |       |       |       ||    29
         Scale mail        |       |    48 |    83 |       |       ||   131
         Ring mail         |       |       |     9 |    18 |       ||    27
         Plate armour      |       |       |       |   443 |   588 ||  1031
  Dodge: Dodged            |    46 |    70 |   117 |   278 |   270 ||   781
  Block: Kite shield       |       |     9 |    92 |   500 |   566 ||  1167
